 Dungeon Crawl Stone Soup version 0.22-a0-160-gcc81d7a (webtiles) character file.

459 theanonym the Cudgeler (level 6, -6/51 HPs)
             Began as a Mummy Chaos Knight on Feb 10, 2018.
             Mangled by a sun demon (17 damage)
             ... summoned by Xom
             ... on level 4 of the Dungeon.
             The game lasted 00:06:59 (4034 turns).

theanonym the Cudgeler (Mummy Chaos Knight)         Turns: 4034, Time: 00:06:59

Health: -6/51      AC: 11    Str: 17    XL:     6   Next: 78%
Magic:  6/6        EV: 12    Int: 12    God:    Xom [......]
Gold:   202        SH:  0    Dex: 11    Spells: 5/5 levels left

rFire    . . .     SeeInvis .   a - +0 mace (chaos)
rCold    + . .     Gourm    .   (no shield)
rNeg     + + +     Faith    +   m - +0 chain mail
rPois    ∞         Spirit   .   (no helmet)
rElec    .         Reflect  .   (no cloak)
rCorr    .         Harm     .   i - +2 pair of gloves
MR       .....                  (no boots)
Stlth    ..........             j - amulet of faith
HPRegen  0.17/turn              h - ring of protection from fire
MPRegen  0.10/turn              k - +5 ring of evasion

@: about to teleport
A: no food or potions, fire vulnerability, cold resistance 1, negative energy
resistance 3, torment resistance, unbreathing
a: Renounce Religion


Innate Abilities, Weirdness & Mutations

You do not eat or drink.
Your flesh is vulnerable to fire.
You are immune to poison.
Your flesh is cold resistant. (rC+)
You are immune to negative energy. (rN+++)
You are immune to unholy pain and torment.
You can survive without breathing.


   Skills:
 + Level 5.0 Fighting
 * Level 5.4 Maces & Flails
 - Level 1.5 Armour
 - Level 0.7 Dodging


You had 5 spell levels left.
You didn't know any spells.

Skill      XL: |  1  2  3  4  5  6 |
---------------+-------------------+-----
Maces & Flails | 3 4 5 |  5.4
Fighting       | 4 5 |  5.0
Armour         | |  1.5
Dodging        | |  0.7

Action                   |  1- 3 |  4- 6 || total
-------------------------+-------+-------++-------
Melee: Mace              |   118 |   123 ||   241
Evoke: Wand              |       |     1 ||     1
  Use: Scroll            |       |     5 ||     5
 Stab: Paralysed         |       |     1 ||     1
       Petrified         |       |     6 ||     6
       Petrifying        |       |     2 ||     2
       Invisible         |       |     1 ||     1
Armor: Leather armour    |    59 |       ||    59
       Scale mail        |    15 |    41 ||    56
       Chain mail        |       |    12 ||    12
Dodge: Dodged            |    74 |    71 ||   145

Inventory:

Hand Weapons
 a - a +0 mace of chaos (weapon)
Armour
 b - a +2 leather armour
 d - a +0 scale mail
   (You found it on level 1 of the Dungeon)
 i - a +2 pair of gloves (worn)
   (You found it on level 4 of the Dungeon)
 m - a +0 chain mail (worn)
   (You found it on level 4 of the Dungeon)
Jewellery
 g - an uncursed ring of magical power
   (You took it off a hobgoblin on level 2 of the Dungeon)
 h - a ring of protection from fire (left hand)
   (You found it on level 2 of the Dungeon)
 j - an amulet of faith (around neck)
   (You found it on level 4 of the Dungeon)
 k - a +5 ring of evasion (right hand)
   (You found it on level 3 of the Dungeon)
Wands
 l - a wand of iceblast (4)
   (You found it on level 4 of the Dungeon)
Scrolls
 c - a scroll of fear
 f - a scroll of amnesia
 n - 4 scrolls of remove curse
 r - a scroll of identify
 t - 2 scrolls of teleportation {!r}
Books
 e - a book of Conjurations {god gift}
   (Xom gifted it to you on level 2 of the Dungeon)


You were on level 4 of the Dungeon.
You worshipped Xom.
You were a very special plaything of Xom.
You were not hungry.

You visited 1 branch of the dungeon, and saw 5 of its levels.

You collected 202 gold pieces.

Dungeon Overview and Level Annotations

Branches:
Dungeon (5/15)
 Temple: D:4-7

Altars:
Ashenzari
Dithmenos
Uskayaw
Xom

Annotations:
D:2 2 transporters
D:3 1 exclusion, Gildeon's ghost, amateur MiFi

#### #... #...
##########################...
#>.........3.................
#.)........5@................
#.######.###5#############...
#........# #.# ####
#######..###.# #......#.#
#.###....# #.# #..#.#
#.###..#.# #######
#......#####.....#


You could see a sun demon, a crimson imp and a white imp.

Notes
Turn   | Place    | Note
-------+----------+-------------------------------------------
     0 | D:1      | theanonym the Mummy Chaos Knight began the quest for the Orb.
     0 | D:1      | Reached XP level 1. HP: 18/18 MP: 1/1
    45 | D:1      | XOM: divination: detect creatures
   117 | D:1      | Reached XP level 2. HP: 24/24 MP: 2/2
   304 | D:1      | Reached skill level 3 in Maces & Flails
   495 | D:1      | Reached XP level 3. HP: 23/29 MP: 3/3
   551 | D:1      | XOM: divination: magic mapping
   986 | D:1      | XOM: scenery: create altars
  1121 | D:2      | XOM: god gift: golden potion {god gift}
  1258 | D:2      | Found a shattered altar of Ashenzari.
  1309 | D:2      | XOM: summons friendly smoke demon
  1317 | D:2      | Reached XP level 4. HP: 35/37 MP: 4/4
  1449 | D:2      | Found a hide-covered altar of Uskayaw.
  1451 | D:2      | Noticed a sky beast
  1451 | D:2      | Noticed a centaur
  1456 | D:2      | Noticed a hippogriff
  1468 | D:2      | Found a transporter.
  1613 | D:2      | Found a transporter.
  1826 | D:2      | XOM: god gift: book of Conjurations {god gift}
  1966 | D:3      | XOM: scenery: create altars
  2002 | D:3      | XOM: god gift: 17 bolts {god gift}
  2017 | D:3      | Noticed Gildeon's ghost (amateur MiFi)
  2230 | D:3      | XOM: divination: magic mapping
  2369 | D:3      | XOM: summons friendly white imp
  2389 | D:3      | XOM: enchant monster (good)
  2389 | D:3      | HP: 9/37 [Gildeon's ghost (11)]
  2906 | D:3      | Reached skill level 4 in Maces & Flails
  3118 | D:3      | Reached skill level 4 in Fighting
  3118 | D:3      | Reached XP level 5. HP: 34/42 MP: 5/5
  3320 | D:4      | XOM: cast spell 'Summon Dragon'
  3400 | D:4      | Noticed an ogre
  3406 | D:4      | Killed an ogre
  3409 | D:4      | XOM: harmless Pois miscast
  3435 | D:4      | Found a shadowy altar of Dithmenos.
  3439 | D:4      | Noticed a phantom
  3445 | D:4      | Killed a phantom
  3445 | D:4      | Reached XP level 6. HP: 37/49 MP: 6/6
  3492 | D:4      | XOM: cloud trail
  3500 | D:4      | XOM: potion effect (invisibility)
  3738 | D:4      | Reached skill level 5 in Maces & Flails
  3750 | D:4      | XOM: scenery: create altars
  3934 | D:4      | XOM: harmless Conj miscast
  4008 | D:5      | Entered Level 5 of the Dungeon
  4008 | D:5      | Noticed a sky beast
  4009 | D:5      | XOM: summons friendly shadow imp
  4022 | D:4      | Reached skill level 5 in Fighting
  4033 | D:4      | XOM: summons 3 hostile demons
  4034 | D:4      | Noticed a sun demon
  4034 | D:4      | HP: 11/51 [sun demon[Xom] (23)]
  4034 | D:4      | Mangled by a sun demon

Vanquished Creatures
  An ogre (D:4)
  A scorpion (D:4)
  2 hounds (D:4)
  A jelly (D:3)
  A worker ant (D:4)
  5 adders
  A worm (D:2)
  4 dart slugs
  A leopard gecko (D:2)
  2 orcs (D:3)
  3 ball pythons (D:3)
  3 giant cockroaches
  2 goblins (D:1)
  6 hobgoblins
  9 jackals (D:1)
  4 kobolds
  A quokka (D:3)
  11 bats
  6 frilled lizards
  9 rats
73 creatures vanquished.

Vanquished Creatures (collateral kills)
  A phantom (D:4)
  An ogre (D:4)
  A worker ant (D:4)
  A dart slug (D:2)
  An orc (D:4)
  A hobgoblin (D:2)
  A quokka (D:2)
  2 rats (D:2)
9 creatures vanquished.

Grand Total: 82 creatures vanquished

Table legend:
 A = Turns spent in this place as a percentage of turns spent in the entire game.
 B = Non-inter-level travel turns spent in this place as a percentage of non-inter-level travel turns spent in the entire game.
 C = Inter-level travel turns spent in this place as a percentage of turns spent in this place.
 D = Turns resting spent in this place as a percentage of non-inter-level travel turns spent in this place.
 E = Turns spent auto-exploring this place as a percentage of non-inter-level travel turns spent in this place.
 F = Non-inter-level travel turns spent in this place divided by the number of levels of this place that you've seen.
                   A       B       C       D       E      F
               +-------+-------+-------+-------+-------+----------------------
         Total | 100.0 | 100.0 |  11.6 |  19.6 |  63.2 | 713.2
       Dungeon | 100.0 | 100.0 |  11.6 |  19.6 |  63.2 | 713.2
               +-------+-------+-------+-------+-------+----------------------
